 Dungeon Crawl Stone Soup version 0.29-a0-304-gb34f9e133a (webtiles) character file.

Game seed: 9863162775717267102

469 wakim the Cudgeller (level 6, -2/51 HPs)
             Began as a Palentonga Warper on Mar 26, 2022.
             Splashed by a jelly's acid (8 damage)
             ... on level 5 of the Dungeon.
             The game lasted 00:13:54 (5589 turns).

wakim the Cudgeller (Palentonga Warper)             Turns: 5589, Time: 00:13:55

Health: -2/51      AC:  2    Str: 17    XL:     6   Next: 82%
Magic:  3/10       EV:  9    Int: 13    God:
Gold:   188        SH:  0    Dex:  9    Spells: 9/11 levels left

rFire   . . .      SeeInvis +   a - +1 mace (holy)
rCold   . . .      Faith    .   (no shield)
rNeg    + . .      Spirit   .   Z - +0 leather armour
rPois   .          Reflect  .   (no helmet)
rElec   .          Harm     .   (no cloak)
rCorr   .          Rampage  .   P - +1 pair of gloves
Will    .....                   (no barding)
Stlth   +.........              (no amulet)
HPRegen 0.17/turn               M - ring of positive energy
MPRegen 0.12/turn               (no ring)

@: corroded, on blink cooldown, very slightly contaminated
A: large, rugged brown scales 3, see invisible, deformed body, roll 1, armoured
tail
a: Rolling Charge


You were on level 5 of the Dungeon.
You visited 1 branch of the dungeon, and saw 5 of its levels.

You collected 188 gold pieces.

Inventory:

Hand Weapons
 a - a +1 mace of holy wrath (weapon)
 R - a +0 quarterstaff
Missiles
 d - 7 boomerangs of dispersal {=f!f}
 W - 4 poisoned darts
Armour
 P - a +1 pair of gloves (worn)
 Z - a +0 leather armour (worn)
Jewellery
 M - a ring of positive energy (left hand)
Wands
 w - a wand of acid (16)
 z - a wand of polymorph (17)
Scrolls
 O - a scroll of acquirement {unknown}
 Q - a scroll of immolation {!r!r}
 S - a scroll of enchant weapon
 T - 2 scrolls of teleportation
 U - a scroll of fear
 X - a scroll of fog
 Y - a scroll of blinking {!r}
Potions
 I - a potion of invisibility
 J - 2 potions of heal wounds
 L - a potion of lignification {!q}
 N - a potion of might
 V - a potion of mutation {unknown}


   Skills:
 + Level 3.8 Fighting
 - Level 4.8(4.9) Maces & Flails
 * Level 0.1(2.9) Staves
 - Level 1.0 Throwing
 - Level 1.1 Armour
 - Level 1.7 Dodging
 - Level 3.0 Spellcasting
 - Level 4.0 Translocations
 * Level 0.9 Evocations


You had 9 spell levels left.
You knew the following spells:

 Your Spells              Type           Power      Damage    Failure   Level
B - Blink                 Tloc           24%        N/A       8%          2

Your spell library contained the following spells:

 Spells                   Type           Power      Damage    Failure   Level
 Apportation              Tloc           24%        N/A       5%          1
 Gell's Gravitas          Tloc           12%        N/A       16%         3
 Lesser Beckoning         Tloc           12%        N/A       16%         3
 Teleport Other           Tloc           12%        N/A       16%         3
 Animate Skeleton         Necr           2%         N/A       26%         1
 Pain                     Necr           4%         1d4       26%         1
 Sandblast                Erth           2%         2d4       26%         1
 Passwall                 Tmut/Erth      0%         N/A       38%         2
 Ignite Poison            Fire/Tmut/Pois 1%         N/A       63%         3
 Mephitic Cloud           Conj/Pois/Air  1%         N/A       63%         3
 Stone Arrow              Conj/Erth      2%         3d7       63%         3
 Vampiric Draining        Necr           1%         2d6       63%         3
 Manifold Assault         Tloc           12%        N/A       82%         5
 Alistair's Intoxication  Tmut/Pois      0%         N/A       100%        5
 Freezing Cloud           Conj/Ice/Air   0%         6-21      100%        5


Dungeon Overview and Level Annotations

Branches:
Dungeon (5/15)
 Temple: D:4-7

Altars:
Xom

Annotations:
D:3 1 runed translucent door, Crazy Yiuf


Innate Abilities, Weirdness & Mutations

You are completely covered in rugged brown scales. (AC +3, +7% HP)
You have supernaturally acute eyesight. (SInv)
Armour fits poorly on your strangely shaped body.
You can roll at nearby foes to attack.
You have a long armoured tail.


Message History

The ice beast hits you but does no damage.
The ice beast attacks as you move away! The ice beast hits you.
The ice beast freezes you! 32/51 (-9)
The ice beast attacks as you move away! The ice beast hits you.
The ice beast freezes you.
* * * LOW HITPOINT WARNING * * *
23/51 (-9)
The ice beast attacks as you move away!
The ice beast closely misses you. 24/51 (+1)
Your magical contamination has completely faded away.
You see here a +0 kite shield.
Casting: Blink (safe; 8% risk of failure)
Confirm with . or Enter, or press ? or * to list all spells.
You miscast Blink.
You are very lightly contaminated with residual magic.
Nothing appears to happen.
The ice beast closely misses you.
Unknown command.
Casting: Blink (safe; 8% risk of failure)
Confirm with . or Enter, or press ? or * to list all spells.
You blink.
The jelly barely misses you.
The necrophage attacks as you move away!
The necrophage hits you but does no damage.
The jelly attacks as you move away! The jelly hits you.
* * * LOW HITPOINT WARNING * * *
The acid corrodes you!
You are splashed with acid.
* * * LOW HITPOINT WARNING * * *
16/51 (-8)
The necrophage attacks as you move away!
The necrophage misses you. 17/51 (+1)
The jelly attacks as you move away! The jelly hits you.
* * * LOW HITPOINT WARNING * * *
The acid corrodes you!
You are splashed with acid!
* * * LOW HITPOINT WARNING * * *
7/51 (-10)
The jelly attacks as you move away! The jelly hits you.
* * * LOW HITPOINT WARNING * * *
You are splashed with acid!
You die...

######.# #..#
.......####..#
##..[##..#
##..†.Y#..#
#.........#
##.....##.#
##.#.###n#
###.#.J.# #..@..#
#.....# #....##
### #.#.##
##.##########.#.#
#.#...........#.#
##.############.#
#.# ##.#######.#
###.###.#<.†.....#


You could see a necrophage and a jelly.

Vanquished Creatures
  A bullfrog (D:4)
  2 hounds (D:3)
  A jelly (D:4)
  An orc priest (D:4)
  2 iguanas
  Natasha (thrice) (D:3)
  7 adders
  An ufetubus (D:4)
  A worm (D:3)
  5 dart slugs
  3 orcs
  6 endoplasms
  3 giant cockroaches
  9 goblins
  7 hobgoblins
  2 quokkas
  10 ball pythons
  6 bats
  8 frilled lizards (D:1)
  11 kobolds
  4 rats
93 creatures vanquished.

Vanquished Creatures (others)
  4 plants (D:1)
4 creatures vanquished.

Grand Total: 97 creatures vanquished

Notes
Turn   | Place    | Note
-------+----------+-------------------------------------------
     0 | D:1      | wakim the Palentonga Warper began the quest for the Orb.
     0 | D:1      | Reached XP level 1. HP: 17/17 MP: 3/3
   154 | D:1      | Reached XP level 2. HP: 23/23 MP: 5/5
   170 | D:1      | Reached skill level 1 in Armour
   172 | D:1      | Noticed a shining eye
   179 | D:1      | Found a faded altar of an unknown god.
   185 | D:1      | Noticed a great orb of eyes
   278 | D:1      | Noticed a great orb of eyes
   278 | D:1      | Noticed a great orb of eyes
   720 | D:1      | Learned a level 2 spell: Blink
   908 | D:1      | !bestwep
  1162 | D:1      | Reached skill level 1 in Throwing
  1274 | D:1      | Reached XP level 3. HP: 29/29 MP: 6/6
  2156 | D:2      | Reached XP level 4. HP: 32/36 MP: 7/7
  2280 | D:3      | Noticed Sigmund
  2879 | D:3      | Noticed Natasha
  2886 | D:3      | Killed Natasha
  2888 | D:3      | Noticed Natasha
  2912 | D:3      | Killed Natasha
  2913 | D:3      | Reached XP level 5. HP: 43/43 MP: 7/9
  2915 | D:3      | Noticed Sigmund
  2915 | D:3      | Sigmund changed into Sigmund the iguana
  2920 | D:3      | Killed Sigmund the iguana
  3089 | D:3      | Noticed Natasha
  3098 | D:3      | Killed Natasha
  3373 | D:3      | Found a runed translucent door.
  3374 | D:3      | Noticed Crazy Yiuf
  3495 | D:3      | Found a shimmering altar of Xom.
  3496 | D:3      | !bestwep
  3931 | D:4      | Reached XP level 6. HP: 34/50 MP: 10/10
  4153 | D:4      | Noticed Ijyb
  4407 | D:4      | Noticed Ijyb
  4407 | D:4      | Ijyb changed into Ijyb the jelly
  4700 | D:4      | Killed Ijyb the jelly
  5258 | D:5      | Entered Level 5 of the Dungeon
  5446 | D:5      | !bestwep
  5517 | D:5      | !bestwep
  5552 | D:5      | Noticed an ice beast
  5553 | D:5      | Noticed an ice beast
  5589 | D:5      | Splashed by a jelly's acid

Illustrated notes G#...#G#.... ##...###..# .. ..........# .. ..._......# .# ###### .........## .# #..... ##...###.#####.# #.#### G#...#G#)......# # #># ##...###......########.# #.# ......)..#.#....@......# #)# #####.#........#######.# #.# # #.#.........######.### #.# #####.#............>.....###.# ....#.#...).....#### #...†...# ## ......#.).......# #.......# #. ###........#...## ###.##### #. # #..........### #.# #. ###...#..###############.## ### Turn 908 on D:1: !bestwep

........####.#.# ###......##
.............#.########.......
........######..........######
####.......# #..........#...<.
#######.# #..........#.##..
#......###.#........#'##..
#.###....#.#.####......#.#
####'###.#..#.#.# #.>..†.#.#
............@...# #......#.#
........####'#..# #......#.#
........# ≈≈#..####......#..
........# §_≈#.....'.........
####....#≈>.≈#.#.÷##.........
###..#≈≈≈≈#.#..#........≈≈
#..######....#.#'####≈≈≈
#.........#....#.# ##≈#
######.#########.# ###


Turn 3496 on D:3: !bestwep #..##...#.###.####### #.....#....#.## #...###.##
##.## ### ..#####.# ........# #######.# #.# #@# #.# #.# ..# ### Turn 5446 on
D:5: !bestwep . .. #. ###. # ...### .# ##..[##..# ##..†..#..# #....@....#
##.....##.# ##.#.###.# ###.#...# #.....# #....?# #....## ### #.#.## .
##.##########.#.# Turn 5517 on D:5: !bestwep

Levels and vault maps discovered:
D:1:      minmay_arrival_stair_chambers, layout_loops_ring,
          hellmonk_ecumenical_altar_watching_god, minmay_lizard_king
D:2:      minmay_wonky_spiral, layout_loops_ring
D:3:      layout_basic, general_overflow_altar, interstate_on_off,
          chequers_serial_rivers_small_a, grunt_ministairs_14,
          uniq_crazy_yiuf_cottage, uniq_natasha, uniq_sigmund
D:4:      minmay_door_path, layout_basic, portal_sewer_entry_b, serial_glass,
          glass_columns_a, glass_columns_b, uniq_ijyb
D:5:      layout_loops_ring, minivault_5, hangedman_decor_opposing,
          pf_guarded_unrand_delatra, uniq_eustachio

Skill      XL: |  1  2  3  4  5 |
---------------+----------------+-----
Armour         | 1 |  1.1
Throwing       | 1 |  1.0
Maces & Flails | 3 4 |  4.8
Fighting       | 3 |  3.8
Spellcasting   | 3 |  3.0
Translocations | 4 |  4.0
Staves         | |  0.1
Dodging        | |  1.7
Evocations     | |  0.9

Action                   |  1- 3 |  4- 6 || total
-------------------------+-------+-------++-------
Melee: Mace              |    80 |   151 ||   231
       Tailslap          |    16 |    16 ||    32
       Whip              |    45 |       ||    45
       Unarmed           |       |     7 ||     7
       Punch             |       |     1 ||     1
 Cast: Blink             |     3 |     4 ||     7
 Abil: Rolling Charge    |    35 |    33 ||    68
Evoke: Wand              |       |     4 ||     4
  Use: Scroll            |     5 |     5 ||    10
       Potion            |     3 |       ||     3
Armor: Leather armour    |    42 |    63 ||   105
       Skin              |       |    31 ||    31
Dodge: Dodged            |    64 |    63 ||   127

Table legend: (Time is in decaauts)
 A = Elapsed time spent in this place.
 B = Non-inter-level travel time spent in this place.
 C = Inter-level travel time spent in this place.
 D = Time resting spent in this place.
 E = Time spent auto-exploring this place.
 F = Levels seen in this place.
 G = Mean time per level.
                   A        B        C        D        E       F      G
               +--------+--------+--------+--------+--------+-----+--------+
         Total |   5655 |   5398 |    257 |    543 |   3686 |   5 | 1131.0 |
       Dungeon |   5655 |   5398 |    257 |    543 |   3686 |   5 | 1131.0 |
               +--------+--------+--------+--------+--------+-----+--------+

Top non-repeatable levels by time:
     D:3: 1870 daAuts
     D:1: 1362 daAuts
     D:2: 1096 daAuts
     D:4: 992 daAuts
     D:5: 332 daAuts
